 Dungeon Crawl Stone Soup version 0.31-a0-370-g25055926c8 (webtiles) character file.

Game seed: 9462556529169885588

1060 112233 the Grave Robber (level 8, -9/36 HPs)
             Began as a Felid Necromancer on Apr 12, 2023.
             Was an Initiate of Gozag.
             Mangled by a slime creature (17 damage)
             ... on level 7 of the Dungeon on July 29, 2023.
             The game lasted 00:13:30 (7076 turns).

112233 the Grave Robber (Felid Necromancer)         Turns: 7076, Time: 00:13:30

Health: -9/36      AC:  2    Str:  4    XL:     8   Next: 6%
Magic:  19/19      EV: 20    Int: 25    God:    Gozag
Gold:   342        SH:  0    Dex: 16    Spells: 16/20 levels left
                                        Lives:  0   Deaths: 2

rFire   . . .        (weapon unavailable)
rCold   . . .        (shield unavailable)
rNeg    . . .        (body armour unavailable)
rPois   .            (helmet unavailable)
rElec   .            (cloak unavailable)
rCorr   .            (gloves unavailable)
SInv    +            (boots unavailable)
Will    +....        (no amulet)
Stlth   ++           o - +6 ring of intelligence
HPRegen 0.26/turn    p - ring of wizardry
MPRegen 0.16/turn

%: wizardry (x1)
@: quick
A: very small, claws 1, fangs 3, see invisible, speed 1, shaggy fur 2, stealthy
paws, no weapons or thrown items, no armour, multi-lived
a: Renounce Religion, Potion Petition, Call Merchant, Bribe Branch


You were on level 7 of the Dungeon.
You worshipped Gozag.
Gozag was aware of your devotion.
You visited 2 branches of the dungeon, and saw 8 of its levels.
You also visited: Sewer.

You collected 481 gold pieces.
You paid 139 gold pieces to Gozag.

Inventory:

Jewellery
 o - a +6 ring of intelligence (left paw)
 p - a ring of wizardry (right paw)
Wands
 c - a wand of light (4)
Scrolls
 b - a scroll of teleportation {unknown}
 d - a scroll of butterflies {unknown}
 g - 2 scrolls of vulnerability {unknown}
 i - 10 scrolls of identify {unknown}
 j - 2 scrolls of amnesia {unknown}
 k - 3 scrolls of blinking {unknown}
 l - a scroll of fog {unknown}
 n - a scroll of revelation {unknown}
Potions
 a - 2 potions of magic
 e - a potion of enlightenment
 f - a potion of brilliance
 h - a potion of degeneration


   Skills:
 + Level 4.4 Fighting
 + Level 6.7 Dodging
 - Level 3.0 Stealth
 + Level 6.9 Spellcasting
 + Level 7.8 Necromancy


You had 16 spell levels left.
You knew the following spells:

 Your Spells              Type           Power      Damage    Failure   Level
a - Necrotise             Necr           100%       1d9       1%          1
b - Vampiric Draining     Necr           48%        2d9       1%          3

Your spell library contained the following spells:

 Spells                   Type           Power      Damage    Failure   Level
 Agony                    Necr           48%        N/A       3%          5
 Tukima's Dance           Hex            8%         N/A       9%          3
 Iskenderun's Mystic Bla  Conj/Tloc      8%         2d4       26%         4
 Animate Dead             Necr           Unusable   N/A       N/A         4
 Portal Projectile        Hex/Tloc       Unusable   N/A       N/A         3

Dungeon Overview and Level Annotations

Branches:
Dungeon (7/15)             Temple (1/1) D:6           Sewer (visited)

Altars:
Cheibriados
Dithmenos
Fedhas
Gozag
Kikubaaqudgha
Makhleb
Nemelex Xobeh
Okawaru
Qazlal
Ru
Sif Muna
Trog
Uskayaw
Vehumet
Wu Jian
Xom
The Shining One

Annotations:
D:7 exclusion: upstairs
Temple 2 transporters


Innate Abilities, Weirdness & Mutations

You have sharp claws.
You have razor-sharp teeth.
You have supernaturally acute eyesight. (SInv)
You cover ground quickly. (Speed+)
You are covered in thick fur. (AC +2)
Your paws help you pounce on unaware monsters.
You are incapable of wielding weapons or throwing items.
You cannot wear armour.
You gain extra lives every three experience levels.


Message History

Gozag says: Greed is good.
Press ? for a list of commands and other information.
Unknown command.
You scratch the fungus but do no damage.
The jelly quivers. x2; The endoplasm quivers.
Unknown command.
You scratch the fungus but do no damage.
The endoplasm quivers.
The endoplasm hits the fungus.
The fungus begins to die.
The jelly closely misses you. The endoplasm hits you.
You scratch the fungus.
The fungus begins to die.
You bite the fungus.
The fungus is lightly damaged.
The endoplasm hits the fungus.
The jelly completely misses you. The endoplasm freezes you.
You are frozen.
You scratch the fungus.
The fungus is lightly damaged.
The endoplasm hits the fungus.
The jelly hits you.
You are splashed with acid!
The endoplasm freezes you.
You are frozen.
Unknown command.
You scratch the fungus but do no damage.
The fungus is lightly damaged.
The jelly hits the fungus.
The fungus begins to die.
The fungus is splashed with acid.
The jelly barely misses you. The endoplasm completely misses you.
You scratch the fungus.
The fungus is lightly damaged.
The jelly hits the fungus.
The fungus is splashed with acid!
The acid corrodes the fungus!
The endoplasm hits the fungus.
The fungus begins to die.
The endoplasm closely misses you.
You scratch the fungus but do no damage.
The fungus is lightly damaged.
A nearby fungus withers and dies. x2; The endoplasm hits the fungus. x2
The endoplasm freezes you.
You are frozen.
Unknown command.
You scratch the jelly but do no damage.
Your paws burn!
The jelly closely misses you.
The endoplasm hits the fungus.
The slime creature barely misses you.
The endoplasm hits the fungus.
The endoplasm freezes you.
You are frozen.
* * * LOW HITPOINT WARNING * * *
You scratch the jelly.
Your paws burn!
* * * LOW HITPOINT WARNING * * *
The jelly is moderately wounded.
A nearby fungus withers and dies.
The jelly barely misses you. The slime creature hits you!
You die...
Your body crumbles into a pile of gold.

##########
?P...P.P.#
JP.PJP...#
.÷.PJPJP.#
.P.....P.#
.P.÷JPJ..# $
....÷JJJJ#
#######@# #.
##....(.## .
#.######## .
##..'....#
.######....#
#.##.......#
#.##.......#
#.##.......#
#.##.......#
..


You could see a slime creature, 2 jellies and 7 endoplasms.

Vanquished Creatures
  A wyvern (D:7)
  Sigmund (D:3)
  A water moccasin (Sewer)
  3 ogres
  4 kobold brigands
  4 scorpions
  4 wights
  2 hounds
  5 orc priests
  Jessica (D:3)
  4 iguanas (D:5)
  4 orc wizards
  Natasha (thrice) (D:2)
  4 gnolls
  7 adders
  A river rat (D:3)
  An ufetubus (D:4)
  A worm (D:2)
  10 dart slugs (D:3)
  15 orcs
  9 ball pythons
  3 endoplasms
  3 giant cockroaches
  3 goblins
  7 hobgoblins
  2 quokkas
  9 bats
  2 frilled lizards
  13 kobolds
  2 rats (D:1)
129 creatures vanquished.

Vanquished Creatures (collateral kills)
  A jelly (D:5)
  A dart slug (D:1)
  A ball python (D:3)
  A bat (Sewer)
  A rat (D:1)
5 creatures vanquished.

Grand Total: 134 creatures vanquished

Notes
Turn   | Place    | Note
-------+----------+-------------------------------------------
     0 | D:1      | 112233 the Felid Necromancer began the quest for the Orb.
     0 | D:1      | Reached XP level 1. HP: 7/7 MP: 4/4
   197 | D:1      | Reached skill level 3 in Stealth
   224 | D:1      | Reached XP level 2. HP: 11/11 MP: 0/6
   777 | D:2      | Reached skill level 3 in Spellcasting
   777 | D:2      | Reached XP level 3. HP: 14/14 MP: 3/8
   921 | D:2      | Learned a level 3 spell: Vampiric Draining
  1645 | D:2      | Noticed Natasha
  1781 | D:2      | Killed Natasha
  1782 | D:2      | Reached XP level 4. HP: 18/18 MP: 2/10
  2130 | D:2      | Noticed Natasha
  2268 | D:2      | Killed Natasha
  2357 | D:2      | Noticed Natasha
  2369 | D:2      | Killed Natasha
  2370 | D:2      | Reached XP level 5. HP: 11/21 MP: 3/12
  2498 | D:3      | Found a glowing drain.
  2526 | Sewer    | Entered a sewer
  2581 | Sewer    | Noticed a water moccasin
  2596 | Sewer    | Killed a water moccasin
  2597 | Sewer    | Reached skill level 5 in Necromancy
  2597 | Sewer    | Gained mutation: You are covered in thick fur. (AC +2)
                  | [Felid growth]
  2597 | Sewer    | Reached XP level 6. HP: 24/24 MP: 6/14
  3333 | D:3      | Noticed Jessica
  3336 | D:3      | Killed Jessica
  3490 | D:3      | Noticed Sigmund
  3495 | D:3      | Killed Sigmund
  3496 | D:3      | Reached skill level 6 in Necromancy
  3552 | D:3      | Reached XP level 7. HP: 22/27 MP: 12/16
  4027 | D:4      | Reached skill level 3 in Dodging
  4122 | D:4      | Reached skill level 1 in Fighting
  4302 | D:5      | Entered Level 5 of the Dungeon
  4788 | D:5      | Mangled by an ogre
  4789 | D:5      | Reached XP level 6. HP: -7/26 MP: 13/15
  4964 | D:5      | Upgraded the game from 0.30-a0-1059-g7dea3e163d to
                  | 0.30-a0-1160-g6e42c06551
  4977 | D:5      | Reached skill level 6 in Spellcasting
  4977 | D:5      | Reached XP level 7. HP: 21/30 MP: 12/17
  4997 | D:5      | Upgraded the game from 0.30-a0-1160-g6e42c06551 to
                  | 0.31-a0-358-gac0dbeb3ab
  5167 | D:5      | Reached skill level 7 in Necromancy
  5494 | D:5      | Found a stormy altar of Qazlal.
  5800 | D:5      | Reached skill level 3 in Fighting
  6007 | D:6      | Found a staircase to the Ecumenical Temple.
  6015 | Temple   | Found a transporter.
  6015 | Temple   | Found a transporter.
  6015 | Temple   | Found a transporter.
  6015 | Temple   | Found a transporter.
  6015 | Temple   | Entered the Ecumenical Temple
  6033 | Temple   | Became a worshipper of Gozag Ym Sagoz the Greedy
  6054 | D:6      | Found a sacrificial altar of Ru.
  6458 | D:6      | Reached XP level 8. HP: 34/34 MP: 7/18
  6605 | D:7      | Reached skill level 6 in Dodging
  6656 | D:7      | Slain by a gnoll sergeant
  6657 | D:7      | Reached XP level 7. HP: -3/31 MP: 1/18
  6668 | D:7      | Upgraded the game from 0.31-a0-358-gac0dbeb3ab to
                  | 0.31-a0-361-g0f8bd3a31e
  6670 | D:7      | Upgraded the game from 0.31-a0-361-g0f8bd3a31e to
                  | 0.31-a0-366-ga77b45bd9b
  6714 | D:7      | HP: 1/32 [ogre/+0 giant club (21)]
  6893 | D:7      | Reached XP level 8. HP: 23/36 MP: 1/19
  7067 | D:7      | Noticed a slime creature
  7068 | D:7      | Upgraded the game from 0.31-a0-366-ga77b45bd9b to
                  | 0.31-a0-370-g25055926c8
  7076 | D:7      | Mangled by a slime creature

Illustrated notes

Levels and vault maps discovered:
D:1:      dpeg_arrival_leaves_temple_mockup, layout_rooms
D:2:      layout_loops_corners, uniq_natasha
D:3:      kennysheep_slugbush, layout_loops_cross, portal_sewer_entry_a,
          serial_rivers, chequers_serial_rivers_small_b,
          chequers_serial_rivers_micro_e, chequers_serial_rivers_micro_d,
          chequers_serial_rivers_small_a, chequers_serial_rivers_large_a,
          chequers_serial_rivers_marsh, uniq_sigmund, uniq_jessica
D:4:      layout_loops_ring, serial_demonic, serial_demonic_a, serial_demonic_c,
          serial_demonic_c, serial_demonic_b, serial_demonic_e, uniq_eustachio
D:5:      layout_loops_corners, mainiacjoe_overflow_surrounded_room
D:6:      layout_loops_ring, mainiacjoe_overflow_brackets, jmf_multi_god_temple,
          minmay_temple_entry_overgrown, grunt_ministairs_7,
          lemuel_flamethrower_2
D:7:      cheibrodos_fertilizer, layout_gridville, serial_shops,
          nicolae_shop_advertising_works [nicolae_subvault_shop_adworks],
          nicolae_lava_and_water, ldierk_geyser
Temple:   hellmonk_temple_divided_pantheon

Skill      XL: |  1  2  3  4  5  6  7  8 |
---------------+-------------------------+-----
Stealth        | 3 |  3.0
Spellcasting   | 3 4 6 |  6.9
Necromancy     | 5 6 7 |  7.8
Dodging        | 5 6 |  6.7
Fighting       | 4 |  4.4

Action                     |  1- 3 |  4- 6 |  7- 9 || total
---------------------------+-------+-------+-------++-------
  Melee: Unarmed           |       |    12 |    37 ||    49
         Bite              |       |     1 |     4 ||     5
   Cast: Necrotise         |    61 |    99 |   129 ||   289
         Vampiric Draining |       |     2 |    39 ||    41
  Evoke: Wand              |       |       |     9 ||     9
    Use: Potion            |       |     1 |     7 ||     8
   Stab: Invisible         |       |       |     2 ||     2
 Armour: Skin              |       |     9 |     4 ||    13
  Dodge: Dodged            |    11 |    21 |   110 ||   142

Table legend: (Time is in decaauts)
 A = Elapsed time spent in this place.
 B = Non-inter-level travel time spent in this place.
 C = Inter-level travel time spent in this place.
 D = Time resting spent in this place.
 E = Time spent auto-exploring this place.
 F = Levels seen in this place.
 G = Mean time per level.
                   A        B        C        D        E       F      G
               +--------+--------+--------+--------+--------+-----+--------+
         Total |   6415 |   6216 |    199 |    766 |   4426 |   9 |  712.8 |
       Dungeon |   6227 |   6044 |    183 |    766 |   4302 |   7 |  889.6 |
        Temple |     29 |     14 |     15 |      0 |      0 |   1 |   29.0 |
         Sewer |    158 |    158 |      0 |      0 |    123 |   1 |  158.0 |
               +--------+--------+--------+--------+--------+-----+--------+

Top non-repeatable levels by time:
     D:5: 1416 daAuts
     D:2: 1367 daAuts
     D:3: 1048 daAuts
     D:1: 879 daAuts
     D:6: 538 daAuts
     D:4: 535 daAuts
     D:7: 442 daAuts
   Sewer: 158 daAuts
  Temple: 29 daAuts
